 Dungeon Crawl Stone Soup version 0.30-a0-339-g89bb51ec76 (webtiles) character file.

Game seed: 13845964652884683955

1214 Archison the Thaumaturge (level 8, -1/36 HPs)
             Began as a Spriggan Conjurer on Oct 31, 2022.
             Succumbed to a water moccasin's poison
             ... on level 5 of the Dungeon.
             The game lasted 00:25:53 (6765 turns).

Archison the Thaumaturge (Spriggan Conjurer)        Turns: 6765, Time: 00:25:54

Health: -1/36      AC:  3    Str:  3    XL:     8   Next: 22%
Magic:  1/21       EV: 17    Int: 22    God:
Gold:   231        SH:  0    Dex: 13    Spells: 9/23 levels left

rFire   + . .      SeeInvis +    q - staff of conjuration
rCold   . . .      Faith    .    (shield currently unavailable)
rNeg    . . .      Spirit   +    a - +0 robe
rPois   .          Reflect  .    (helmet restricted)
rElec   .          Harm     .    r - +0 cloak
rCorr   .          Rampage  .    (gloves unavailable)
Will    +....                    (boots unavailable)
Stlth   +++.......               w - amulet of guardian spirit
HPRegen 0.26/turn                m - ring of see invisible
MPRegen 0.17/turn                s - ring of protection from fire

@: lethally poisoned (-1 -> -10), very quick
A: very small, no large weapons, unfitting armour, see invisible, speed 3
a: no special abilities


You were on level 5 of the Dungeon.
You visited 1 branch of the dungeon, and saw 5 of its levels.

You collected 231 gold pieces.

Inventory:

Hand Weapons
 d - a +0 short sword
Missiles
 e - 33 stones (quivered)
Armour
 a - a +0 robe (worn)
 r - a +0 cloak (worn)
Magical Staves
 q - a staff of conjuration (weapon)
Jewellery
 i - an amulet of regeneration
 m - a ring of see invisible (left hand)
 s - a ring of protection from fire (right hand)
 u - a ring of positive energy
 w - an amulet of guardian spirit (around neck)
Wands
 o - a wand of charming (5)
Scrolls
 f - a scroll of noise {unknown}
 g - a scroll of brand weapon {unknown}
 h - a scroll of teleportation
 l - a scroll of torment {unknown}
 p - 2 scrolls of enchant armour {unknown}
 t - a scroll of blinking {unknown}
 y - a scroll of identify
Potions
 b - 2 potions of magic
 c - 3 potions of brilliance
 k - 3 potions of haste
 n - a potion of mutation {unknown}


   Skills:
 - Level 0.1 Fighting
 + Level 2.1 Throwing
 + Level 3.7 Dodging
 + Level 4.3 Stealth
 + Level 8.2 Spellcasting
 + Level 5.7 Conjurations


You had 9 spell levels left.
You knew the following spells:

 Your Spells              Type           Power      Damage    Failure   Level
a - Magic Dart            Conj           100%       1d8       1%          1
b - Searing Ray           Conj           100%       2d8       1%          2
c - Dazzling Flash        Conj/Hex       64%        N/A       7%          3
d - Iskenderun's Mystic   Conj/Tloc      32%        2d8       22%         4
e - Fulminant Prism       Conj/Hex       16%        3d11      22%         4

Your spell library contained the following spells:

 Spells                   Type           Power      Damage    Failure   Level


Dungeon Overview and Level Annotations

Branches:
Dungeon (5/15)
 Temple: D:4-7

Altars:
Vehumet
Zin
The Shining One

Shops:
D:1 ?

Annotations:
D:4 BankerBuddy's ghost, amateur GrEE
D:5 Blork the orc; Pikel


Innate Abilities, Weirdness & Mutations

You are very small and have problems with some larger weapons.
You are too small for most types of armour.
You have supernaturally acute eyesight. (SInv)
You cover ground extremely quickly. (Speed+++)


Message History

The puff of frost hits you! The water moccasin bites you.
You are poisoned.
The water moccasin poisons you!
You feel very sick. The white imp gestures at you.
The puff of frost misses you.
Casting: Magic Dart (safe; 1% risk of failure)
Confirm with . or Enter, or press ? or * to list all spells.
Aiming: Magic Dart (safe; 1% risk of failure)
Press: ? - help, Shift-Dir - straight line, f - water moccasin
Aim: a water moccasin (100% to hit)
You feel a surge of power!
The magic dart hits the water moccasin.
The water moccasin is lightly wounded.
You feel very sick. The water moccasin closely misses you.
The white imp gestures at you. The puff of frost hits you!
* * * LOW HITPOINT WARNING * * *
Unknown command.
Casting: Magic Dart (safe; 1% risk of failure)
Confirm with . or Enter, or press ? or * to list all spells.
Aiming: Magic Dart (safe; 1% risk of failure)
Press: ? - help, Shift-Dir - straight line, f/p - water moccasin
Aim: a water moccasin (lightly wounded, 100% to hit)
You feel a surge of power!
The magic dart hits the water moccasin.
The water moccasin is moderately wounded.
* * * LOW HITPOINT WARNING * * *
You feel sick. The water moccasin bites you.
* * * LOW HITPOINT WARNING * * *
The water moccasin misses you.
Okay, then.
Casting: Magic Dart (safe; 1% risk of failure)
Confirm with . or Enter, or press ? or * to list all spells.
Aiming: Magic Dart (safe; 1% risk of failure)
Press: ? - help, Shift-Dir - straight line, f/p - water moccasin
Aim: a water moccasin (moderately wounded, 100% to hit)
You feel a surge of power!
The magic dart hits the water moccasin!
The water moccasin is heavily wounded.
You die...

#.#...........#
####..........#
#...?....#..
#..5.....##.
##..........
#...........
##r..........
###.......##...
#.@S.....## ...
###..##### .#
#.## ###


You could see a water moccasin, a white imp and a quokka.

Vanquished Creatures
  Grinder (D:3)
  Sigmund (D:2)
  A black bear (D:4)
  3 ogres (D:4)
  A lemure (D:3)
  A scorpion (D:4)
  2 hounds
  An orc priest (D:2)
  Ijyb (D:3)
  An iguana (D:4)
  An orc wizard (D:4)
  Robin (D:3)
  18 adders
  A worm (D:3)
  7 orcs
  9 ball pythons
  7 bats
  10 endoplasms
  3 giant cockroaches
  20 goblins
  10 hobgoblins
  3 jackals (D:2)
  8 kobolds
  6 quokkas
  4 frilled lizards
  3 rats
124 creatures vanquished.

Vanquished Creatures (others)
  An ufetubus (D:5)
  A goblin (D:3)
2 creatures vanquished.

Grand Total: 126 creatures vanquished

Notes
Turn   | Place    | Note
-------+----------+-------------------------------------------
     0 | D:1      | Archison the Spriggan Conjurer began the quest for the Orb.
     0 | D:1      | Reached XP level 1. HP: 9/9 MP: 5/5
   320 | D:1      | Reached XP level 2. HP: 13/13 MP: 4/6
   950 | D:1      | Reached XP level 3. HP: 16/16 MP: 4/8
  1173 | D:1      | Found Fuatos's Magic Scroll Boutique.
  1500 | D:2      | Reached skill level 3 in Spellcasting
  1753 | D:2      | Reached XP level 4. HP: 21/21 MP: 5/10
  1883 | D:2      | Found a glowing silver altar of Zin.
  1925 | D:2      | Noticed Sigmund
  2192 | D:2      | Killed Sigmund
  2193 | D:2      | Reached skill level 4 in Spellcasting
  2193 | D:2      | Reached XP level 5. HP: 20/24 MP: 3/13
  2486 | D:2      | Reached XP level 6. HP: 28/28 MP: 11/14
  2606 | D:2      | Reached skill level 5 in Spellcasting
  3147 | D:3      | Reached skill level 1 in Throwing
  3268 | D:3      | Noticed Grinder
  3378 | D:3      | Paralysed by Grinder for 5 turns
  3413 | D:3      | Killed Grinder
  3414 | D:3      | Reached skill level 6 in Spellcasting
  3414 | D:3      | Reached XP level 7. HP: 32/32 MP: 5/17
  3627 | D:3      | Noticed Ijyb
  3642 | D:3      | Killed Ijyb
  3700 | D:3      | Noticed Robin
  3711 | D:3      | Identified the +3 chain mail of Spite {Int+6}
  3966 | D:3      | Found a radiant altar of Vehumet.
  4073 | D:3      | Killed Robin
  4303 | D:3      | Reached skill level 5 in Conjurations
  4425 | D:4      | Found a glowing silver altar of Zin.
  4426 | D:4      | Found a glowing golden altar of the Shining One.
  4630 | D:4      | Learned a level 2 spell: Searing Ray
  4634 | D:4      | Learned a level 3 spell: Dazzling Flash
  4639 | D:4      | Learned a level 4 spell: Iskenderun's Mystic Blast
  4644 | D:4      | Learned a level 4 spell: Fulminant Prism
  4648 | D:4      | Found a transporter.
  4649 | D:4      | Found a transporter.
  4669 | D:4      | Noticed BankerBuddy's ghost (amateur GrEE)
  4670 | D:4      | Identified the +10 dire flail of the Winnowing Enemy
                  | {vorpal, rElec Will+ rCorr Dex-2}
  4735 | D:4      | Reached skill level 7 in Spellcasting
  5466 | D:5      | Entered Level 5 of the Dungeon
  5467 | D:5      | Noticed Pikel
  5871 | D:4      | Reached XP level 8. HP: 26/36 MP: 3/20
  6197 | D:4      | Reached skill level 8 in Spellcasting
  6310 | D:5      | Noticed Blork the orc
  6765 | D:5      | Succumbed to a water moccasin's poison

Illustrated notes

Levels and vault maps discovered:
D:1:      amcnicky_arrival_wind_blow, layout_basic, serial_shops, shop
D:2:      layout_loops_ring, basic_altar, minmay_snake_closets, uniq_sigmund
D:3:      layout_rooms, fiery_altar_vehumet, uniq_grinder, uniq_ijyb, uniq_robin
D:4:      layout_basic, grunt_temple_overflow_open, gammafunk_ghost_smash
D:5:      layout_cave_pools, gup_sewer_entry_spiral, uniq_blork_the_orc,
          uniq_pikel

Skill      XL: |  1  2  3  4  5  6  7  8 |
---------------+-------------------------+-----
Conjurations   | 3 4 5 |  5.7
Spellcasting   | 3 4 6 7 8 |  8.2
Dodging        | 3 |  3.7
Throwing       | 1 2 |  2.1
Stealth        | 4 |  4.3
Fighting       | |  0.1

Action                   |  1- 3 |  4- 6 |  7- 9 || total
-------------------------+-------+-------+-------++-------
Melee: Staff             |       |     3 |     2 ||     5
Throw: Stone             |       |     4 |     6 ||    10
 Cast: Magic Dart        |    90 |   115 |   185 ||   390
       Searing Ray       |       |       |     1 ||     1
  Use: Scroll            |     2 |     2 |     2 ||     6
       Potion            |       |       |     6 ||     6
Armor: Robe              |     1 |     2 |     8 ||    11
       Skin              |       |       |     2 ||     2
Dodge: Dodged            |     4 |    20 |    68 ||    92

Table legend: (Time is in decaauts)
 A = Elapsed time spent in this place.
 B = Non-inter-level travel time spent in this place.
 C = Inter-level travel time spent in this place.
 D = Time resting spent in this place.
 E = Time spent auto-exploring this place.
 F = Levels seen in this place.
 G = Mean time per level.
                   A        B        C        D        E       F      G
               +--------+--------+--------+--------+--------+-----+--------+
         Total |   5322 |   5233 |     89 |   1419 |   2295 |   5 | 1064.4 |
       Dungeon |   5322 |   5233 |     89 |   1419 |   2295 |   5 | 1064.4 |
               +--------+--------+--------+--------+--------+-----+--------+

Top non-repeatable levels by time:
     D:2: 1596 daAuts
     D:4: 1394 daAuts
     D:1: 1132 daAuts
     D:3: 1129 daAuts
     D:5: 70 daAuts
